 Dungeon Crawl Stone Soup version 0.28-a0-1387-g3a22ab9bdc (webtiles) character file.

Game seed: 13051686756070439032

282 Deminshera the Skirmisher (level 6, 0/33 HPs)
             Began as a Vine Stalker Fighter on Jan 2, 2022.
             Slain by Duvessa (1 damage)
             ... on level 4 of the Dungeon.
             The game lasted 00:03:13 (3863 turns).

Deminshera the Skirmisher (Vine Stalker Fighter)    Turns: 3863, Time: 00:03:13

Health: 0/33       AC:  6    Str: 18 (20) XL:     6   Next: 28%
Magic:  0/7        EV:  9    Int:  9 (10) God:
Gold:   170        SH:  4    Dex: 11 (14) Spells: 5/5 levels left

rFire   . . .      SeeInvis +   a - +0 rapier
rCold   + . .      Faith    .   c - +0 buckler
rNeg    . . .      Spirit   +   b - +0 scale mail
rPois   .          Reflect  .   (no helmet)
rElec   .          Harm     .   (no cloak)
rCorr   .          Rampage  .   (no gloves)
Will    .....                   (no boots)
Stlth   +.........              (no amulet)
HPRegen 0.91/turn               d - ring of protection from cold
MPRegen 0.10/turn               (no ring)

@: no status effects
A: fangs 2, regeneration 1, magic shield, antimagic bite, no potion heal 2, see
invisible, clever 1, screaming 1
a: no special abilities


You were on level 4 of the Dungeon.
You visited 2 branches of the dungeon, and saw 5 of its levels.

You collected 170 gold pieces.

Inventory:

Hand Weapons
 a - a +0 rapier (weapon)
Armour
 b - a +0 scale mail (worn)
 c - a +0 buckler (worn)
Jewellery
 d - a ring of protection from cold (left hand)
Wands
 m - a wand of paralysis (7)
Scrolls
 e - 5 scrolls of identify {unknown}
 k - 3 scrolls of teleportation {unknown}
 l - 2 scrolls of magic mapping {unknown}
 p - a scroll of enchant armour {unknown}
Potions
 f - 2 potions of haste
 g - 2 potions of heal wounds
 h - a potion of curing {unknown}
 i - a potion of cancellation
 j - a potion of degeneration
 o - a potion of lignification {unknown}


   Skills:
 + Level 3.7 Fighting
 + Level 3.1 Short Blades
 - Level 3.0 Armour
 + Level 3.4 Stealth
 + Level 3.7 Shields


You had 5 spell levels left.
You didn't know any spells.
Your spell library contained the following spells:

 Spells                   Type           Power      Damage    Failure   Level
 Ensorcelled Hibernation  Hex/Ice        0%         N/A       89%         2
 Tukima's Dance           Hex            0%         N/A       98%         3
 Enfeeble                 Hex            0%         N/A       100%        7


Dungeon Overview and Level Annotations

Branches:
Dungeon (4/15)             Temple (1/1) D:4

Altars:
Ashenzari
Cheibriados
Fedhas
Kikubaaqudgha
Nemelex Xobeh
Okawaru
Sif Muna
Trog
Wu Jian
The Shining One

Annotations:
D:4 Dowan, Duvessa


Innate Abilities, Weirdness & Mutations

You have extremely sharp teeth.
Your natural rate of healing is unusually fast.
When hurt, damage is shared between your health and your magic reserves.
Your bite disrupts and absorbs the magic of your enemies.
Potions cannot restore your health.
You have supernaturally acute eyesight. (SInv)
Your mind is acute. (Int +2)
You occasionally shout uncontrollably at your foes.


Message History

Duvessa closely misses you.
You hit Duvessa but do no damage. Your bite misses Duvessa.
Duvessa is heavily wounded.
You hit Duvessa.
Duvessa is severely wounded.
You block Duvessa's attack.
You barely miss Duvessa.
Duvessa is severely wounded.
You hit Duvessa but do no damage. You bite Duvessa. You drain her power.
You feel invigorated.
Duvessa is severely wounded.
Duvessa hits you with a +2 rapier of flaming.
Duvessa burns you.
You hit Duvessa but do no damage.
Duvessa is severely wounded.
Duvessa hits you with a +2 rapier of flaming!
Duvessa burns you.
You completely miss Duvessa.
Duvessa is severely wounded.
Duvessa hits you with a +2 rapier of flaming.
Duvessa burns you.
* * * LOW HITPOINT WARNING * * *
You cannot be healed by potions.
It was a potion of cancellation.
Your magical effects are unravelling.
You feel magically purged.
You feel yourself slow down.
It was a potion of degeneration.
There was something very wrong with that liquid.
You feel weakened.
You feel dopey.
You feel clumsy.
Duvessa hits you with a +2 rapier of flaming!
* * * LOW HITPOINT WARNING * * *
Duvessa burns you.
* * * LOW HITPOINT WARNING * * *
It was a potion of mutation.
You feel extremely strange.
Your vision sharpens.
You feel the urge to shout.
You feel clever.
Duvessa hits you with a +2 rapier of flaming.
* * * LOW HITPOINT WARNING * * *
Duvessa burns you.
You die...

##.##.....)....#
...##..........# ..........
+####..##..........# #..$.e....
.......##..........# #.........
.......##..........# #.#...e../
......####'####....####^#.....
.......#.....#..........#... .
.....###.###.##########.#.##....
.....'.'.'>#.+..@ee...#....$S...
.....###.###.#.######.#.#.#.###.
###...<#.....# #.####.#.#.#
..#.##.###'### #......#.#.#...
#.#.##.# #.#####)####...S......
..#.##.# #.......##.......#..#.
###.##.# ######.###.#.#........
# #.##.# #.# #.#.#.......
###.##.# #.# #.#.#........


You could see Duvessa and Dowan.

Vanquished Creatures
  Menkaure (D:4)
  4 adders
  4 gnolls (D:3)
  A worm (D:2)
  A dart slug (D:3)
  4 orcs (D:3)
  5 ball pythons
  4 bats
  4 endoplasms
  2 giant cockroaches
  4 goblins
  12 hobgoblins
  4 jackals (D:1)
  5 kobolds
  2 quokkas (D:2)
  5 frilled lizards
  20 rats
82 creatures vanquished.

Vanquished Creatures (others)
  A plant (D:3)
1 creature vanquished.

Grand Total: 83 creatures vanquished

Notes
Turn   | Place    | Note
-------+----------+-------------------------------------------
     0 | D:1      | Deminshera the Vine Stalker Fighter began the quest for the
                  | Orb.
     0 | D:1      | Reached XP level 1. HP: 11/11 MP: 2/2
    41 | D:1      | Reached XP level 2. HP: 7/16 MP: 3/3
   527 | D:1      | Reached skill level 1 in Stealth
   933 | D:1      | Reached XP level 3. HP: 17/19 MP: 4/4
  1063 | D:1      | Found a faded altar of an unknown god.
  1117 | D:1      | You fall into a shaft and drop 1 floor!
  1734 | D:2      | Gained mutation: Your natural rate of healing is unusually
                  | fast. [Vine Stalker growth]
  1734 | D:2      | Reached XP level 4. HP: 24/24 MP: 5/5
  2742 | D:3      | Reached XP level 5. HP: 11/28 MP: 2/6
  2783 | D:3      | Found a blossoming altar of Fedhas.
  3442 | D:4      | Noticed Menkaure
  3450 | D:4      | Killed Menkaure
  3451 | D:4      | Reached XP level 6. HP: 8/33 MP: 0/7
  3577 | D:4      | Found a staircase to the Ecumenical Temple.
  3605 | Temple   | Entered the Ecumenical Temple
  3828 | D:4      | Noticed Duvessa
  3828 | D:4      | Noticed Dowan
  3863 | D:4      | Gained mutation: You have supernaturally acute eyesight.
                  | (SInv) [potion of mutation]
  3863 | D:4      | Gained mutation: You occasionally shout uncontrollably at
                  | your foes. [potion of mutation]
  3863 | D:4      | Gained mutation: Your mind is acute. (Int +2) [potion of
                  | mutation]
  3863 | D:4      | HP: 1/33 [Duvessa (2)]
  3863 | D:4      | Slain by Duvessa

Illustrated notes

Levels and vault maps discovered:
D:1:      lemuel_arrival_funnel, layout_loops_ring,
          hellmonk_ecumenical_altar_run_dry
D:2:      layout_basic, minmay_rat_hole
D:3:      layout_rooms, fedhas_ov_isle_minmay
D:4:      layout_basic, minitemple, minmay_temple_entry_glassed_door,
          uniq_duvessa, uniq_menkaure, uniq_grinder
Temple:   compressed_dpeg_triangle_lava_temple

Skill      XL: |  1  2  3  4  5 |
---------------+----------------+-----
Short Blades   | 2 3 |  3.1
Stealth        | 1 2 3 |  3.4
Shields        | 3 |  3.7
Fighting       | 3 |  3.7
Armour         | 3 |  3.0

Action                   |  1- 3 |  4- 6 || total
-------------------------+-------+-------++-------
Melee: Rapier            |    84 |   144 ||   228
       Bite              |    18 |    43 ||    61
  Use: Potion            |       |     7 ||     7
Armor: Scale mail        |    29 |    50 ||    79
Dodge: Dodged            |    36 |    57 ||    93
Block: Buckler           |    20 |    28 ||    48

Table legend: (Time is in decaauts)
 A = Elapsed time spent in this place.
 B = Non-inter-level travel time spent in this place.
 C = Inter-level travel time spent in this place.
 D = Time resting spent in this place.
 E = Time spent auto-exploring this place.
 F = Levels seen in this place.
 G = Mean time per level.
                   A        B        C        D        E       F      G
               +--------+--------+--------+--------+--------+-----+--------+
         Total |   3870 |   3716 |    154 |    839 |   2369 |   5 |  774.0 |
       Dungeon |   3684 |   3539 |    145 |    839 |   2200 |   4 |  921.0 |
        Temple |    185 |    176 |      9 |      0 |    169 |   1 |  185.0 |
               +--------+--------+--------+--------+--------+-----+--------+

Top non-repeatable levels by time:
     D:1: 1370 daAuts
     D:2: 1310 daAuts
     D:3: 766 daAuts
     D:4: 236 daAuts
  Temple: 185 daAuts
